 Dungeon Crawl Stone Soup version 0.28.0-53-g5a82cb258f (webtiles) character file.

Game seed: 7347916707365577528

70 Descartes the Sneak (level 4, -4/21 HPs)
             Began as a Felid Monk on June 30, 2022.
             Killed by divine providence
             ... invoked by an orc priest
              (11 damage)
             ... on level 4 of the Dungeon.
             The game lasted 00:03:38 (3665 turns).

Descartes the Sneak (Felid Monk)                    Turns: 3665, Time: 00:03:39

Health: -4/21      AC:  1    Str:  9    XL:     4   Next: 3%
Magic:  5/5        EV: 19    Int: 12    God:
Gold:   132        SH:  0    Dex: 18    Spells: 3/3 levels left
                                        Lives:  0   Deaths: 1

rFire   . . .      SeeInvis +     - Unarmed
rCold   . . .      Faith    .   (shield unavailable)
rNeg    . . .      Spirit   .   (armour unavailable)
rPois   .          Reflect  .   (helmet unavailable)
rElec   .          Harm     .   (cloak unavailable)
rCorr   .          Rampage  .   (gloves unavailable)
Will    .....                   (boots unavailable)
Stlth   +++.......              (no amulet)
HPRegen 0.07/turn               (no ring)
MPRegen 0.09/turn               (no ring)

@: quick
A: very small, claws 1, fangs 3, see invisible, speed 1, shaggy fur 1, stealthy
paws, no weapons or thrown items, no armour, multi-lived
a: no special abilities


You were on level 4 of the Dungeon.
You visited 1 branch of the dungeon, and saw 4 of its levels.

You collected 132 gold pieces.

Inventory:

Scrolls
 a - a scroll of enchant armour
 b - a scroll of enchant weapon {unknown}
 f - a scroll of teleportation
Potions
 c - a potion of attraction {unknown}
 d - a potion of resistance {unknown}
 e - a potion of magic


   Skills:
 + Level 3.6 Fighting
 + Level 4.9 Dodging
 * Level 5.2 Stealth
 + Level 3.6 Unarmed Combat


You had 3 spell levels left.
You didn't know any spells.
Your spell library was empty.

Dungeon Overview and Level Annotations

Branches:
Dungeon (4/15)
 Temple: D:4-7

Altars:
Wu Jian


Innate Abilities, Weirdness & Mutations

You have sharp claws.
You have razor-sharp teeth.
You have supernaturally acute eyesight. (SInv)
You cover ground quickly. (Speed+)
You are covered in fur. (AC +1)
Your paws help you pounce on unaware monsters.
You are incapable of wielding weapons or throwing items.
You cannot wear armour.
You gain extra lives every three experience levels.


Message History

The orc shouts!
The orc priest shouts!
You hear a shout!
The orc priest looks braver for a moment.
You scratch the orc.
The orc is lightly wounded.
The orc misses you.
You barely miss the orc.
The orc is lightly wounded.
The orc closely misses you.
You scratch the orc.
The orc is moderately wounded.
The orc hits you with a +0 falchion.
The orc priest looks braver for a moment.
You claw the orc!
You kill the orc!
The orc barely misses you.
The orc priest invokes the aid of Beogh against you.
Beogh smites you!
You are too injured to fight recklessly!
You are too injured to fight recklessly!
You are too injured to fight recklessly!
You are too injured to fight recklessly!
You are too injured to fight recklessly!
You are too injured to fight recklessly!
You are too injured to fight recklessly!
You are too injured to fight recklessly!
You are too injured to fight recklessly!
You are too injured to fight recklessly!
You are too injured to fight recklessly!
You are too injured to fight recklessly!
You are too injured to fight recklessly!
You are too injured to fight recklessly!
You are too injured to fight recklessly!
You are too injured to fight recklessly!
You are too injured to fight recklessly!
The orc completely misses you.
The orc priest calls down the wrath of Beogh upon you.
Beogh smites you!
Ouch! That really hurt!
You die...

....##.........#..........#
....<.............##..##......
....o.....###....####.###......
..##oo########.........# .......
......#####)##...###..####....##
[.....o.........###...<#.##...#
...(#...##..##................#
...##...#...#....#............#
........##.....#@##......#.....
....###.##....##.o#....#.# ....
.... .......###.......#.. ...
... .....#... #..o....#... ..
### ......###.##.##o##...... .
.....###..#......#.......
....##....##.......#...... ....
.....#.......##..
#..###....#.#..# #..


You could see an orc priest and 2 orcs.

Vanquished Creatures
  An orc wizard (D:4)
  A hound skeleton (D:4)
  3 adders
  3 dart slugs
  5 orcs
  6 endoplasms
  5 giant cockroaches
  4 hobgoblins
  4 quokkas
  4 ball pythons
  5 bats
  4 frilled lizards
  7 goblins
  6 kobolds
  4 rats (D:1)
62 creatures vanquished.

Notes
Turn   | Place    | Note
-------+----------+-------------------------------------------
     0 | D:1      | Descartes the Felid Monk began the quest for the Orb.
     0 | D:1      | Reached XP level 1. HP: 10/10 MP: 2/2
     1 | D:1      | Noticed an electric eel
   154 | D:1      | Reached skill level 3 in Stealth
   214 | D:1      | Found a faded altar of an unknown god.
   441 | D:1      | Reached XP level 2. HP: 8/12 MP: 3/3
  1217 | D:1      | Reached XP level 3. HP: 17/17 MP: 4/4
  1484 | D:2      | Reached skill level 4 in Stealth
  1934 | D:3      | Found an ornate altar of the Wu Jian Council.
  2251 | D:3      | Reached XP level 4. HP: 19/21 MP: 5/5
  2578 | D:3      | Identified the +2 dagger of World Downfall {vorpal, rF+
                  | rN+++ rCorr Int-2}
  3346 | D:4      | Reached skill level 5 in Stealth
  3645 | D:4      | Reached XP level 5. HP: 24/24 MP: 6/6
  3651 | D:4      | Slain by a wyvern zombie
  3652 | D:4      | Reached XP level 4. HP: -3/21 MP: 5/5
  3665 | D:4      | Killed from afar by an orc priest

Illustrated notes

Levels and vault maps discovered:
D:1:      arrival_aquarium_a, layout_basic,
          dreamdust_ecumenical_altar_hidden_monk_grotto
D:2:      layout_basic
D:3:      layout_loops_ring, nzn_wu_jian_contemplation
D:4:      layout_cave_pools, kennysheep_windowed_goal, uniq_ijyb, uniq_menkaure,
          uniq_blork_the_orc

Skill      XL: |  1  2  3  4 |
---------------+-------------+-----
Stealth        | 3 4 5 |  5.2
Fighting       | |  3.6
Dodging        | |  4.9
Unarmed Combat | |  3.6

Action                   |  1- 3 |  4- 6 || total
-------------------------+-------+-------++-------
Melee: Unarmed           |    97 |    68 ||   165
       Bite              |     8 |     6 ||    14
       Punch             |     1 |     1 ||     2
  Use: Scroll            |       |     3 ||     3
 Stab: Sleeping          |    10 |     1 ||    11
       Distracted        |     2 |       ||     2
Armor: Skin              |     7 |     2 ||     9
Dodge: Dodged            |    71 |    62 ||   133
